 Dungeon Crawl Stone Soup version 0.30-a0-587-gfd7c166f36 (webtiles) character file.

Game seed: 749419461110668767

2380 M4edhros the Sneak (level 9, -2/60 HPs)
             Began as an Octopode Artificer on Jan 4, 2023.
             Slain by a hound (5 damage)
             ... while paralysed by a kobold
             ... on level 6 of the Dungeon.
             The game lasted 00:06:57 (3568 turns).

M4edhros the Sneak (Octopode Artificer)             Turns: 3568, Time: 00:06:58

Health: -2/60      AC:  1    Str: 11    XL:     9   Next: 45%
Magic:  9/9        EV:  2    Int: 13    God:
Gold:   261        SH:  0    Dex: 17    Spells: 8/8 levels left

rFire   . . .      SeeInvis .      - Unarmed
rCold   . . .      Faith    .    k - orb {*Rage}
rNeg    . . .      Spirit   .    (helmet restricted)
rPois   .          Reflect  .    (no amulet)
rElec   .          Harm     .    (no ring)
rCorr   .          Rampage  .    (no ring)
Will    .....      Rage     20%  (no ring)
Stlth   +++++                    (no ring)
HPRegen 0.30/turn                (no ring)
MPRegen 0.11/turn                (no ring)
                                 (no ring)
                                 (no ring)

@: paralysed
A: almost no armour, amphibious, 8 rings, camouflage 1, gelatinous body 1,
(nimble swimmer 1), tentacles
a: no special abilities


You were on level 6 of the Dungeon.
You visited 2 branches of the dungeon, and saw 8 of its levels.
You also visited: Ossuary.

You collected 301 gold pieces.
You spent 40 gold pieces at shops.

Inventory:

Missiles
 p - 5 javelins
 y - 9 boomerangs
 D - a throwing net
 F - 5 curare-tipped darts
Armour
 k - an orb of wrath (worn)
Jewellery
 m - a ring of resist corrosion
Wands
 b - a wand of flame (12) (quivered)
 c - a wand of charming (12)
 d - a wand of iceblast (4)
 n - a wand of light (11)
Scrolls
 a - 6 scrolls of identify {unknown}
 e - 6 scrolls of teleportation {unknown}
 f - a scroll of fear {unknown}
 g - a scroll of noise {unknown}
 h - a scroll of fog {unknown}
 i - a scroll of enchant weapon {unknown}
 j - 3 scrolls of vulnerability {unknown}
 l - a scroll of torment {unknown}
 o - 3 scrolls of immolation
 s - 2 scrolls of blinking {unknown}
 u - a scroll of brand weapon {unknown}
 A - 2 scrolls of poison {unknown}
Potions
 q - 3 potions of curing
 r - a potion of degeneration
 t - 4 potions of might
 v - a potion of magic {unknown}
 w - 2 potions of cancellation {unknown}
 x - a potion of flight
 z - 2 potions of heal wounds {unknown}
 B - a potion of resistance {unknown}
 C - 2 potions of ambrosia {unknown}
 E - 2 potions of lignification {unknown}


   Skills:
 + Level 4.9 Fighting
 + Level 5.4 Dodging
 + Level 7.2 Stealth
 * Level 7.1 Unarmed Combat
 + Level 6.5 Evocations


You had 8 spell levels left.
You didn't know any spells.
Your spell library was empty.

Dungeon Overview and Level Annotations

Branches:
Dungeon (7/15)             Temple (1/1) D:7         Ossuary (visited)

Altars:
Fedhas
Gozag
Hepliaklqana
Nemelex Xobeh
Okawaru
Ru
Sif Muna
Trog
Vehumet
Wu Jian
Xom
Yredelemnul
Zin
The Shining One

Shops:
D:5 *

Annotations:
D:6 2 transporters, Duvessa
D:7 exclusion: statue


Innate Abilities, Weirdness & Mutations

You cannot wear most types of armour.
You are amphibious.
You can wear up to eight rings at the same time.
Your skin changes colour to match your surroundings (Stealth+).
Your rubbery body absorbs attacks. (AC +1, EV +1)
((You are camouflaged when in or above water. (Stealth+)))
You have tentacles for arms and can constrict up to eight enemies at once.


Message History

The kobold hits you with a +0 short sword.
The kobold hits you with a +0 dagger.
You barely miss the hound. Your grab misses the hound.
The hound completely misses you.
You hear a shout!
The kobold hits you with a +0 dagger. x2
The kobold hits you with a +0 short sword.
The kobold hits you with a +0 dagger. The hound bites you.
You bludgeon the hound! You grab the hound. You squeeze the hound.
The hound is severely wounded.
You constrict the hound. The hound bites you.
The kobold hits you with a +0 dagger.
The kobold hits you with a +0 short sword.
The kobold hits you with a +0 dagger. x2
* * * LOW HITPOINT WARNING * * *
You are too injured to fight recklessly!
You are too injured to fight recklessly!
You are too injured to fight recklessly!
You are too injured to fight recklessly!
You are too injured to fight recklessly!
You are too injured to fight recklessly!
Okay, then.
Aiming: Charm
Press: ? - help, Shift-Dir - straight line, f - hound
Aim: a hound (almost dead, constricted by you, chance to affect: 72%)
Okay, then.
Okay, then.
Okay, then.
You feel better.
You constrict the hound. The hound misses you.
The kobold completely misses you.
The kobold zaps a wand.
You suddenly lose the ability to move!
You lose your grip on the hound.
The kobold hits you with a +0 dagger.
The kobold hits you with a +0 short sword.
* * * LOW HITPOINT WARNING * * *
The hound bites you.
* * * LOW HITPOINT WARNING * * *
Duvessa hits you with a +0 short sword of speed!
* * * LOW HITPOINT WARNING * * *
The hound bites you.
You die...

..........##
.........$.##
.......?....#
........... ###
..........# #########..
..........####..........
.......................#
......KK...##...........
......h@K####...........
......Ke## #............
##.....## ##............
©#..#.# #.............
.#.... #.............
.#...# ##............
.#... #............ #©..
##...........
#...........


You could see Duvessa (berserk), a hound and 4 kobolds.

Vanquished Creatures
  Maggie (D:6)
  Eustachio (D:5)
  2 black bears
  2 sky beasts
  A centaur (D:5)
  3 bullfrogs
  2 necrophages
  A scorpion (D:6)
  A gnoll sergeant (D:7)
  A kobold brigand (D:6)
  3 wights (D:7)
  Dowan (D:6)
  2 jellies
  A gnoll bouda (D:6)
  2 orc priests
  4 hounds
  2 iguanas
  4 orc wizards
  13 mummies (Ossuary)
  8 gnolls
  4 adders
  A shadow imp (D:6)
  A white imp (D:6)
  An ufetubus (D:5)
  A dart slug (D:5)
  11 orcs
  2 hobgoblins
  3 kobolds
  A ball python (D:1)
  A frilled lizard (D:1)
  2 gnoll skeletons (Ossuary)
  A goblin skeleton (Ossuary)
  2 kobold skeletons (Ossuary)
  3 orc skeletons (Ossuary)
  A rat (D:1)
  11 rat skeletons (Ossuary)
101 creatures vanquished.

Vanquished Creatures (collateral kills)
  A wyvern (D:6)
1 creature vanquished.

Vanquished Creatures (others)
  A scorpion (D:6)
1 creature vanquished.

Grand Total: 103 creatures vanquished

Notes
Turn   | Place    | Note
-------+----------+-------------------------------------------
     0 | D:1      | M4edhros the Octopode Artificer began the quest for the
                  | Orb.
     0 | D:1      | Reached XP level 1. HP: 13/13 MP: 1/1
   114 | D:2      | Reached XP level 2. HP: 2/18 MP: 2/2
   260 | D:2      | Reached skill level 1 in Unarmed Combat
   329 | D:3      | Reached XP level 3. HP: 16/23 MP: 3/3
   372 | D:3      | Found a blossoming altar of Fedhas.
   413 | D:3      | You fall into a shaft and drop 1 floor!
   505 | D:4      | Noticed a necrophage
   514 | D:4      | Killed a necrophage
   515 | D:4      | Reached XP level 4. HP: 6/29 MP: 4/4
   515 | D:4      | Reached XP level 5. HP: 8/34 MP: 5/5
   644 | D:5      | Entered Level 5 of the Dungeon
   644 | D:5      | Noticed Eustachio
   644 | D:5      | Noticed a black bear
   652 | D:5      | Killed Eustachio
   653 | D:5      | Reached XP level 6. HP: 40/40 MP: 6/6
   653 | D:5      | Killed a black bear
   701 | D:5      | Noticed a sky beast
   716 | D:5      | Killed a sky beast
   718 | D:5      | Reached XP level 7. HP: 45/45 MP: 7/7
   830 | D:5      | Found Dair's General Store.
   833 | D:5      | Bought a scroll of immolation for 40 gold pieces
   890 | D:5      | Found a sand-covered staircase.
   896 | Ossuary  | Entered an ossuary
  1584 | Ossuary  | Reached skill level 5 in Evocations
  1664 | D:5      | Reached skill level 5 in Stealth
  1797 | D:5      | Found an ornate altar of the Wu Jian Council.
  1803 | D:5      | Reached skill level 5 in Unarmed Combat
  1803 | D:5      | Reached XP level 8. HP: 44/52 MP: 8/8
  1804 | D:5      | Found an iron altar of Okawaru.
  1807 | D:5      | Found a shimmering blue altar of Sif Muna.
  1832 | D:6      | Noticed Maggie
  1851 | D:6      | Killed Maggie
  1882 | D:6      | Found an opulent altar of Gozag.
  2345 | D:6      | Noticed a wyvern
  2353 | D:6      | Killed a wyvern
  2386 | D:6      | Noticed Dowan
  2396 | D:6      | Reached skill level 5 in Dodging
  2396 | D:6      | Reached XP level 9. HP: 41/59 MP: 9/9
  2401 | D:6      | Killed Dowan
  2438 | D:6      | Found a glowing silver altar of Zin.
  2564 | D:7      | Found a radiant altar of Vehumet.
  3039 | D:7      | Found a shimmering altar of Xom.
  3085 | D:7      | Found a staircase to the Ecumenical Temple.
  3247 | Temple   | Entered the Ecumenical Temple
  3557 | D:6      | Found a transporter.
  3558 | D:6      | Found a transporter.
  3562 | D:6      | Noticed Duvessa
  3567 | D:6      | Paralysed by a kobold for 2 turns
  3568 | D:6      | HP: 3/60 [Duvessa/+0 short sword of speed (14)]
  3568 | D:6      | Slain by a hound

Illustrated notes

Levels and vault maps discovered:
D:1:      onia_arrival_handbag, layout_loops_ring, serial_park_tiny_1
D:2:      wad_river_or_something, layout_basic, minmay_misc_feat_rows
D:3:      layout_basic, fedhas_ov_isle_minmay, old_standard_altar,
          chequers_ecumenical_altar_lobes, kennysheep_generic_room_4,
          uniq_jessica, uniq_grinder
D:4:      layout_loops_ring
D:5:      layout_rooms, kennysheep_mini, grunt_temple_overflow_diamond,
          serial_shops, nicolae_shop_window_shopping,
          lightli_ossuary_entry_decrepit_ruins, uniq_eustachio, uniq_pikel
D:6:      layout_cave_pods, nicolae_gozag_cash_rules_everything_around_me,
          nicolae_overflow_hidden_temple, gammafunk_ghost_smash, uniq_duvessa,
          uniq_maggie
D:7:      layout_rooms, vehumet_statue, mainiacjoe_overflow_alcove_4,
          minmay_temple_entry_junction, nicolae_concentric_dashed_squares_mild
Temple:   nicolae_temple_bog_church

Skill      XL: |  1  2  3  4  5  6  7  8  9 |
---------------+----------------------------+-----
Stealth        | 2 3 4 5 6 7 |  7.2
Unarmed Combat | 1 2 3 5 6 7 |  7.1
Fighting       | 2 3 4 |  4.9
Dodging        | 3 4 5 |  5.4
Evocations     | 4 5 6 |  6.5

Action                   |  1- 3 |  4- 6 |  7- 9 || total
-------------------------+-------+-------+-------++-------
Melee: Unarmed           |    37 |    17 |   196 ||   250
       Constrict         |    10 |     5 |    56 ||    71
       Tentacles         |    10 |     7 |    53 ||    70
       Punch             |     1 |     2 |     9 ||    12
Evoke: Wand              |       |     1 |     6 ||     7
  Use: Potion            |       |     1 |     7 ||     8
 Stab: Sleeping          |     5 |       |    11 ||    16
       Distracted        |       |       |     1 ||     1
       Betrayed ally     |       |       |     1 ||     1
Armor: Skin              |     3 |     1 |     8 ||    12
Dodge: Dodged            |    17 |    13 |    93 ||   123

Table legend: (Time is in decaauts)
 A = Elapsed time spent in this place.
 B = Non-inter-level travel time spent in this place.
 C = Inter-level travel time spent in this place.
 D = Time resting spent in this place.
 E = Time spent auto-exploring this place.
 F = Levels seen in this place.
 G = Mean time per level.
                   A        B        C        D        E       F      G
               +--------+--------+--------+--------+--------+-----+--------+
         Total |   3730 |   3499 |    231 |    197 |   2159 |   9 |  414.4 |
       Dungeon |   2795 |   2585 |    210 |    197 |   1467 |   7 |  399.3 |
        Temple |    148 |    128 |     20 |      0 |    123 |   1 |  148.0 |
       Ossuary |    786 |    786 |      0 |      0 |    569 |   1 |  786.0 |
               +--------+--------+--------+--------+--------+-----+--------+

Top non-repeatable levels by time:
     D:7: 863 daAuts
     D:6: 790 daAuts
 Ossuary: 786 daAuts
     D:5: 498 daAuts
     D:4: 230 daAuts
     D:2: 211 daAuts
  Temple: 148 daAuts
     D:1: 102 daAuts
     D:3: 98 daAuts
